Map: 失而复得-天梯版

Players

Crow

  • Race: Zerg Zerg
  • Spawn Location: 7:00

cloudy - Winner!

  • Race: Protoss Protoss
  • Spawn Location: 1:00

Event: WCS Montreal 2018

VOD

Have the link to the VOD?

Description

Time

  • Played on: Sept. 7, 2018, 3:43 p.m.
  • Length: 20:20

All games in this series

Show
View Real Time Build Order
Export as new Build Order

Crow Zerg 

Build Orders: Hatch First, Brood Lord Corruptor 

Get SALT Encoding   

  12  0:00  Drone  
  13  0:13  Overlord  
  13  0:16  Drone  
  14  0:31  Drone x2  
  16  0:48  Hatchery  
  15  0:51  Drone  
  15  0:54  Drone  
  17  1:00  Drone  
  18  1:08  Extractor  
  17  1:14  Spawning Pool  
  17  1:16  Drone  
  17  1:19  Drone  
  18  1:28  Drone  
  19  1:40  Drone  
  20  1:48  Hatchery  
  20  1:52  Drone  
  20  2:00  Drone  
  22  2:01  Drone  
  22  2:08  Queen  
  22  2:14  Metabolic Boost  
  24  2:20  Overlord  
  24  2:24  Drone  
  24  2:26  Drone  
  24  2:29  Zergling x2  
  27  2:32  Zergling x2  
  28  2:38  Queen  
  28  2:41  Drone  
  28  2:43  Drone  
  32  2:49  Drone  
  33  2:52  Queen  
  33  2:57  Overlord  
  35  3:00  Drone  
  36  3:06  Queen  
  36  3:10  Drone  
  36  3:12  Zergling x2  
  40  3:13  Zergling x2  
  40  3:15  Drone  
  40  3:19  Drone x2  
  44  3:23  Drone  
  44  3:24  Evolution Chamber  
  44  3:26  Drone  
  45  3:27  Drone  
  45  3:31  Overlord  
  46  3:34  Overlord  
  46  3:38  Drone x2  
  48  3:42  Spore Crawler  
  48  3:44  Spore Crawler  
  48  3:46  Spore Crawler  
  45  3:54  Drone x2  
  45  3:55  Zerg Melee Weapons Level 1  
  47  3:58  Queen  
  49  4:03  Drone x2  
  49  4:04  Drone  
  49  4:06  Drone  
  49  4:09  Overlord  
  53  4:12  Drone x2  
  53  4:15  Drone  
  56  4:19  Drone x2  
  56  4:23  Overlord  
  58  4:29  Drone x4  
  58  4:30  Drone x2  
  64  4:34  Overlord  
  64  4:40  Lair  
  64  4:43  Extractor  
  64  4:44  Drone  
  64  4:45  Drone x4  
  68  4:47  Overlord  
  68  4:54  Extractor  
  68  4:55  Drone x2  
  68  4:56  Drone x3  
  68  4:57  Overlord  
  71  5:01  Zergling x2  
  71  5:03  Drone  
  71  5:04  Baneling Nest  
  72  5:07  Zergling x2  
  72  5:08  Zergling x10  
  78  5:14  Drone  
  78  5:20  Hatchery, Zergling x6  
  81  5:29  Drone  
  81  5:31  Drone  
  81  5:32  Drone x2  
  81  5:33  Extractor  
  84  5:37  Zergling x2, Overlord  
  84  5:38  Zergling x4  
  84  5:40  Overlord  
  87  5:43  Hydralisk Den  
  87  5:44  Drone  
  87  5:48  Zergling x2  
  87  5:49  Zergling x6  
  89  5:59  Overlord  
  89  6:00  Drone x2  
  89  6:01  Zerg Melee Weapons Level 2  
  89  6:03  Queen  
  90  6:06  Extractor, Queen  
  90  6:08  Overlord  
  90  6:11  Drone x3  
  94  6:13  Overseer  
  94  6:14  Hydralisk  
  94  6:15  Hydralisk x4  
  104  6:21  Grooved Spines, Zergling x2  
  104  6:22  Zergling x6  
  108  6:28  Extractor  
  108  6:29  Drone  
  108  6:30  Drone  
  108  6:34  Overlord  
  108  6:36  Hydralisk x3  
  113  6:40  Overlord  
  113  6:46  Drone x4  
  117  6:49  Centrifical Hooks  
  117  6:53  Hydralisk x2  
  114  6:55  Zergling x4  
  114  6:59  Queen  
  118  7:01  Queen  
  118  7:04  Zergling x8  
  118  7:06  Baneling x7  
  124  7:09  Zergling x6  
  124  7:12  Baneling x3  
  124  7:13  Zergling x2  
  124  7:14  Zergling x10  
  133  7:16  Baneling x3  
  133  7:20  Zergling x4  
  120  7:26  Hydralisk x3  
  120  7:29  Overlord  
  116  7:37  Pneumatized Carapace  
  116  7:41  Drone x3  
  116  7:42  Drone x3  
  122  7:48  Drone  
  123  7:52  Extractor  
  123  7:54  Drone x3  
  123  7:55  Infestation Pit, Extractor  
  123  7:59  Hatchery  
  123  8:00  Hydralisk, Overlord  
  123  8:01  Hydralisk  
  126  8:09  Hydralisk x6  
  126  8:12  Overlord  
  138  8:16  Drone  
  138  8:17  Drone x3  
  138  8:19  Drone x2  
  144  8:22  Zerg Ground Armor Level 1  
  143  8:28  Muscular Augments  
  143  8:34  Hydralisk x5  
  153  8:44  Hydralisk x5  
  153  8:46  Overlord  
  163  8:51  Hive  
  163  8:55  Zergling x10  
  168  8:56  Overlord  
  165  9:04  Overlord  
  165  9:08  Overlord  
  165  9:09  Spire  
  161  9:16  Zergling x18  
  170  9:22  Hydralisk x5  
  170  9:24  Overlord  
  176  9:30  Spore Crawler  
  174  9:34  Zergling x2  
  174  9:35  Zergling x18  
  184  9:55  Hatchery  
  183  10:02  Adrenal Glands  
  182  10:09  Hatchery  
  181  10:16  Drone x6, Zerg Melee Weapons Level 3  
  187  10:26  Corruptor, Greater Spire  
  187  10:27  Corruptor x5  
  196  10:36  Baneling x3  
  196  10:37  Baneling  
  192  10:44  Drone x6  
  192  10:48  Corruptor x2  
  199  11:16  Spine Crawler x2  
  199  11:17  Extractor x2  
  191  11:38  Baneling  
  191  11:39  Baneling x9, Brood Lord x4  
  199  11:45  Zerg Flyer Armor Level 1  
  199  11:51  Spine Crawler  
  199  11:53  Spine Crawler, Brood Lord  
  199  11:55  Spine Crawler  
  199  11:58  Brood Lord  
  200  12:03  Baneling x12  
  200  12:04  Baneling x18  
  199  12:23  Drone  
  200  12:34  Overseer x5  
  196  12:43  Corruptor x4  
  199  12:53  Overseer  
  198  13:10  Corruptor  
  198  13:11  Corruptor x8  
  197  13:18  Corruptor x3  
  197  13:19  Corruptor  
  196  13:22  Overseer x2  
  195  13:27  Drone  
  195  13:28  Drone, Ultralisk Cavern  
  195  13:31  Corruptor  
  171  13:48  Corruptor x6  
  165  13:59  Hydralisk x6, Overseer x2  
  165  14:09  Queen  
  165  14:16  Viper x2  
  167  14:21  Brood Lord  
  167  14:23  Overlord x3  
  175  14:34  Brood Lord  
  177  14:39  Spore Crawler x2, Brood Lord  
  177  14:40  Spore Crawler x2, Overlord x3  
  177  14:41  Zerg Flyer Armor Level 2  
  177  14:42  Spore Crawler x2  
  177  14:43  Spore Crawler  
  177  14:45  Spore Crawler  
  171  14:46  Brood Lord  
  171  14:48  Extractor  
  171  14:52  Extractor, Spine Crawler  
  170  14:57  Brood Lord x2  
  174  15:05  Brood Lord  
  176  15:08  Brood Lord  
  178  15:14  Brood Lord  
  178  15:19  Spore Crawler  
  178  15:20  Spore Crawler x2, Spine Crawler, Brood Lord  
  178  15:22  Overlord  
  178  15:23  Drone  
  178  15:24  Drone x2  
  178  15:26  Hatchery  
  178  15:27  Brood Lord x2  
  184  15:33  Drone x4  
  188  15:40  Infestor x2  
  188  15:41  Infestor  
  194  15:48  Infestor  
  192  16:03  Infestor x3  
  191  16:12  Infestor x2  
  191  16:15  Neural Parasite  
  195  16:20  Drone x3  
  198  16:32  Overseer x2  
  198  16:33  Overseer x2  
  198  16:42  Spore Crawler  
  198  16:44  Spore Crawler  
  196  16:48  Drone  
  196  16:49  Drone  
  198  17:07  Spore Crawler  
  197  17:14  Spore Crawler x2  
  197  17:15  Spore Crawler  
  194  17:17  Infestor x2  
  194  17:18  Spore Crawler  
  194  17:21  Infestor  
  199  17:25  Spore Crawler  
  199  17:26  Overseer x4  
  198  17:33  Zerg Missile Weapons Level 1  
  198  17:34  Pathogen Glands  
  191  17:46  Infestor x4  
  199  18:00  Spire  
  198  18:06  Evolution Chamber  
  197  18:17  Spore Crawler  
  197  18:18  Spore Crawler  
  188  18:20  Spore Crawler, Infestor  
  188  18:21  Infestor x5  
  199  18:45  Overlord  
  185  19:07  Infestor x8  
  199  19:13  Overseer  
  199  19:16  Overlord x2  
  199  19:17  Overlord  
  169  19:38  Overlord x2  
  175  20:04  Spore Crawler  
  175  20:05  Spore Crawler  
  175  20:06  Spore Crawler  
Show
View Real Time Build Order
Export as new Build Order

cloudy Protoss - Winner!

Build Orders: 1 Gate Expand, Oracle Opening, Phoenix Opening, Carriers, Zealot Archon, Archon Drop 

Get SALT Encoding   

  12  0:01  Probe  
  13  0:13  Probe  
  14  0:19  Pylon  
  14  0:25  Probe  
  15  0:34  Probe  
  15  0:38  Gateway  
  16  0:42  Probe  
  16  0:45  Assimilator  
  17  0:52  Probe  
  18  1:04  Probe  
  19  1:16  Probe  
  20  1:24  Nexus  
  20  1:34  Cybernetics Core  
  20  1:38  Probe  
  21  1:46  Assimilator  
  21  1:50  Probe  
  22  1:55  Pylon  
  22  2:02  Probe  
  22  2:04  Adept  
  23  2:14  Probe  
  26  2:19  Stargate  
  26  2:26  Probe  
  26  2:27  Warp Gate  
  27  2:33  Adept  
  27  2:34  Probe  
  29  2:37  Probe  
  29  2:42  Probe  
  31  2:49  Probe  
  33  2:52  Probe  
  33  2:58  Phoenix  
  34  3:01  Probe  
  34  3:05  Probe  
  36  3:12  Oracle  
  38  3:13  Pylon  
  38  3:14  Probe  
  38  3:17  Probe  
  40  3:26  Probe  
  44  3:27  Gateway  
  44  3:29  Probe  
  44  3:32  Assimilator  
  45  3:36  Assimilator  
  45  3:38  Probe  
  46  3:45  Robotics Facility  
  46  3:47  Probe x2  
  48  3:58  Pylon, Twilight Council  
  48  4:04  Probe x2  
  50  4:17  Gateway  
  50  4:18  Gateway  
  50  4:24  Warp Prism  
  50  4:37  Templar Archives  
  50  4:38  Pylon  
  52  4:42  Zealot x2  
  56  4:48  Probe x2  
  58  4:56  Pylon  
  58  4:58  Nexus  
  58  5:03  Probe x2  
  60  5:08  Pylon  
  60  5:12  Observer  
  60  5:19  Forge  
  60  5:20  Probe x2  
  63  5:23  High Templar x4  
  63  5:26  Charge  
  63  5:27  Archon x2  
  71  5:28  Gateway  
  71  5:29  Gateway  
  71  5:34  Gateway  
  71  5:41  Gateway  
  71  5:43  Probe  
  71  5:50  Probe  
  71  5:55  Probe  
  73  6:02  Probe  
  74  6:05  High Templar  
  74  6:06  High Templar, Zealot x2  
  74  6:08  Probe  
  83  6:11  Pylon  
  83  6:13  Pylon  
  83  6:14  Probe  
  83  6:16  Probe  
  85  6:19  Archon  
  85  6:20  Probe  
  86  6:27  Probe  
  86  6:28  Probe  
  86  6:32  High Templar  
  90  6:35  Protoss Ground Weapons Level 1  
  90  6:37  High Templar, Zealot x2  
  90  6:38  Zealot x2  
  100  6:41  Archon  
  97  6:57  Psionic Storm, Probe x3  
  100  7:06  Zealot x7  
  114  7:09  Pylon, Probe x2  
  114  7:10  Pylon  
  114  7:12  Pylon  
  92  7:24  Probe x3  
  92  7:28  High Templar x2  
  91  7:30  Assimilator  
  91  7:35  Assimilator  
  91  7:36  High Templar, Probe x2  
  91  7:37  Zealot x5  
  91  7:39  Probe, Observer  
  102  7:48  Probe x2  
  105  7:52  Probe  
  105  7:54  Photon Cannon  
  105  7:58  Zealot  
  108  7:59  High Templar, Zealot  
  108  8:00  Probe  
  113  8:08  High Templar  
  115  8:13  Nexus  
  115  8:15  Pylon  
  115  8:18  Zealot x4  
  122  8:20  High Templar, Immortal  
  122  8:25  Protoss Ground Weapons Level 2, Photon Cannon  
  124  8:27  Photon Cannon  
  124  8:28  Pylon  
  126  8:46  High Templar  
  126  8:47  Zealot x6  
  140  8:49  Probe x3  
  143  9:03  Probe x2  
  143  9:04  Probe  
  143  9:05  Fleet Beacon  
  136  9:11  Photon Cannon  
  136  9:13  Photon Cannon  
  136  9:14  Assimilator  
  136  9:19  Assimilator  
  132  9:28  Photon Cannon  
  132  9:29  Stalker x2  
  132  9:30  Stalker x3  
  140  9:35  High Templar  
  140  9:36  High Templar  
  140  9:38  Zealot  
  146  9:42  Gateway  
  146  9:45  Archon, Gateway  
  144  9:46  Mothership  
  144  9:48  Immortal  
  144  9:52  Carrier  
  144  9:57  Zealot  
  147  10:02  Graviton Catapult  
  157  10:24  Pylon  
  157  10:25  Zealot x5  
  157  10:26  Pylon  
  157  10:28  Pylon  
  165  10:37  Stargate  
  165  10:40  Stargate  
  165  10:43  Protoss Air Weapons Level 1  
  155  10:51  Protoss Ground Weapons Level 3, Photon Cannon  
  155  10:52  Carrier, Zealot  
  155  10:54  Shield Battery, Photon Cannon, Observer  
  158  10:57  Shield Battery  
  158  11:00  Shield Battery  
  158  11:02  Shield Battery  
  156  11:07  Shield Battery  
  154  11:12  Carrier  
  152  11:18  Carrier  
  155  11:39  Probe x2  
  157  11:40  Probe x2  
  159  11:50  High Templar x2  
  163  12:05  Carrier  
  163  12:06  Pylon  
  163  12:14  Observer  
  167  12:30  Carrier  
  173  12:44  Protoss Air Weapons Level 2  
  173  12:47  Cybernetics Core  
  172  12:55  High Templar x4  
  180  12:59  Archon x2  
  180  13:12  Carrier  
  182  13:23  Carrier  
  181  13:46  Carrier  
  177  13:48  Pylon  
  161  14:03  High Templar x2  
  165  14:15  Probe x2  
  165  14:16  Probe x2  
  169  14:19  Assimilator  
  169  14:23  Probe x2  
  169  14:24  Pylon  
  169  14:26  Nexus  
  169  14:27  Carrier  
  169  14:28  Pylon, Probe x2  
  169  14:30  Carrier  
  169  14:31  Probe, Photon Cannon x2  
  173  14:34  Photon Cannon  
  173  14:35  Pylon, Photon Cannon  
  173  14:37  Shield Battery  
  180  14:39  Assimilator  
  180  14:41  Protoss Air Weapons Level 3, High Templar  
  180  14:42  High Templar x4  
  180  14:44  Assimilator, Observer  
  190  14:47  High Templar, Archon x2  
  190  14:52  Archon  
  199  14:55  Photon Cannon  
  199  14:56  Photon Cannon  
  199  14:58  Photon Cannon  
  199  15:00  Shield Battery  
  199  15:02  Photon Cannon  
  199  15:03  Shield Battery  
  199  15:04  Photon Cannon  
  199  15:08  Shield Battery, Protoss Air Armor Level 1  
  199  15:17  Photon Cannon  
  199  15:23  Blink  
  197  15:28  Warp Prism  
  197  15:33  Protoss Shields Level 1  
  199  15:41  Mothership  
  199  15:48  Dark Shrine  
  199  15:49  Nexus  
  197  16:14  Zealot  
  196  17:16  Oracle  
  196  17:20  Stargate  
  196  17:22  Stargate  
  196  17:25  Stargate  
  196  17:26  Nexus  
  196  17:47  Protoss Shields Level 2  
  196  17:48  Protoss Air Armor Level 2  
  196  17:51  Dark Templar x2  
  197  18:00  Oracle  
  196  18:21  High Templar x2  
  196  18:26  Archon  
  200  18:43  Nexus  
  200  19:12  Pylon  
  200  19:14  Pylon  
  196  19:30  Zealot x2  
  200  19:37  Dark Templar  
  200  19:42  Dark Templar  
  199  19:47  Zealot x2  
Tags
 
Add a new tag
Caveats
  • Supply blocks, unpowered buildings, or Contaminate may cause inaccurate times.
  • Supply counts are checked every 10 seconds.